 Dungeon Crawl Stone Soup version 0.20-a0-751-g905781e (webtiles) character file.

77 qpoku the Vexing (level 4, -2/21 HPs)
             Began as a Spriggan Enchanter on Feb 25, 2017.
             Slain by a hobgoblin
             ... wielding a +0 club
             ... led by Robin
              (6 damage)
             ... on level 2 of the Dungeon.
             The game lasted 00:09:03 (3311 turns).

qpoku the Vexing (Spriggan Enchanter)               Turns: 3311, Time: 00:09:04

Health: -2/21      AC:  2    Str:  4    XL:     4   Next: 13%
Magic:  1/11       EV: 19    Int: 17    God:
Gold:   172        SH:  0    Dex: 16    Spells: 2/11 levels left

rFire    . . .     SeeInvis +   a - +1 dagger
rCold    . . .     Gourm    .   b - +0 robe
rNeg     . . .     Faith    .   (shield restricted)
rPois    .         Spirit   .   (helmet restricted)
rElec    .         Reflect  .   (no cloak)
rCorr    .         Harm     .   (gloves unavailable)
MR       .....                  (boots unavailable)
Stlth    +++.......             (no amulet)
Regen    0.1/turn               q - ring of flight
MPRegen  0.2/turn               o - +1 ring of evasion

@: very slightly contaminated, very quick
A: unfitting armour, see invisible, herbivore 3, speed 3, slow metabolism 2
a: Evoke Flight


You were on level 2 of the Dungeon.
You were hungry.

You visited 1 branch of the dungeon, and saw 3 of its levels.

You collected 172 gold pieces.

Inventory:

Hand Weapons
 a - a +1 dagger (weapon)
Armour
 b - a +0 robe (worn)
Jewellery
 o - a +1 ring of evasion (left hand)
 q - a ring of flight (right hand)
Wands
 j - a wand of polymorph (10/24)
Scrolls
 e - 3 scrolls of teleportation {unknown}
 g - a scroll of immolation {unknown}
 h - 4 scrolls of remove curse {unknown}
 i - a scroll of identify {unknown}
 n - a scroll of noise {unknown}
 p - a scroll of fog {unknown}
Potions
 k - a potion of lignification {unknown}
 l - a potion of heal wounds {unknown}
 m - 2 potions of curing {unknown}
Books
 c - a book of Maledictions

   Spells                             Type                      Level
   a - Corona                         Hexes                        1
   b - Ensorcelled Hibernation        Hexes/Ice                    2
   c - Confuse                        Hexes                        3
   d - Tukima's Dance                 Hexes                        3
   e - Dazzling Spray                 Conjuration/Hexes            3
Comestibles
 d - 2 bread rations
 f - 3 fruits


   Skills:
 - Level 1.1 Short Blades
 - Level 3.0 Dodging
 - Level 4.4 Stealth
 + Level 4.4 Spellcasting
 + Level 4.8 Hexes


You had 2 spell levels left.
You knew the following spells:

 Your Spells              Type           Power        Failure   Level  Hunger
a - Ensorcelled Hibernat  Hex/Ice        ##....       10%         2    ##.....
b - Corona                Hex            ###....      2%          1    None
c - Confuse               Hex            ###.....     10%         3    ###....
d - Tukima's Dance        Hex            ###.....     10%         3    ###....


Dungeon Overview and Level Annotations

Branches:
Dungeon (3/15)

Altars:
Ashenzari

Annotations:
D:3 Robin


Innate Abilities, Weirdness & Mutations

You are very small and have problems with some larger weapons.
You are too small for most types of armour.
You have supernaturally acute eyesight. (SInv)
You are a herbivore.
You cover ground extremely quickly.
You need consume almost no food.


Message History

The hobgoblin hits you with a club.
You hit the hobgoblin.
The hobgoblin is severely wounded.
The hobgoblin hits you with a club.
You hit the hobgoblin.
The hobgoblin is almost dead.
The hobgoblin closely misses you.
You barely miss the hobgoblin.
The hobgoblin is almost dead.
You hit the hobgoblin but do no damage.
The hobgoblin is almost dead.
The hobgoblin misses you.
You closely miss the hobgoblin.
The hobgoblin is almost dead.
The hobgoblin hits you with a club.
* * * LOW HITPOINT WARNING * * *
You closely miss the hobgoblin.
The hobgoblin is almost dead.
The hobgoblin hits you with a club.
You die...

.............# #.....#
########.##### #.....# #####
####'###### #.....# #...#
#.........# #.....# #...#
#.........# #.....# #...#
#.........#####.....###...###
#.................>..........
#####.........#####.....#########
.........>.....)@g........##
.........##########.....#..#
########## ########.##
########### #..# #.........# ##.#
#.........######### #.#
######.........##......# #.#
.......................####.#####
######.........##.....(#.........


You could see a hobgoblin.

Vanquished Creatures
  Ijyb (D:2)
  An adder (D:2)
  A dart slug (D:1)
  A leopard gecko (D:2)
  A giant cockroach (D:2)
  8 hobgoblins
  6 jackals (D:1)
  A ball python (D:1)
  2 bats
  5 frilled lizards
  5 goblins
  5 kobolds
  A rat (D:2)
38 creatures vanquished.

Notes
Turn   | Place    | Note
-------+----------+-------------------------------------------
     0 | D:1      | qpoku the Spriggan Enchanter began the quest for the Orb.
     0 | D:1      | Reached XP level 1. HP: 9/9 MP: 5/5
   838 | D:1      | Reached XP level 2. HP: 6/13 MP: 2/7
   842 | D:1      | Learned a level 2 spell: Ensorcelled Hibernation
  1356 | D:1      | Found a shattered altar of Ashenzari.
  2311 | D:2      | Reached XP level 3. HP: 16/16 MP: 9/9
  2496 | D:2      | Noticed Ijyb
  2519 | D:2      | Killed Ijyb
  2519 | D:2      | Reached XP level 4. HP: 20/21 MP: 0/11
  3024 | D:2      | Learned a level 3 spell: Confuse
  3028 | D:2      | Learned a level 3 spell: Tukima's Dance
  3071 | D:3      | Noticed Robin
  3311 | D:2      | Slain by a hobgoblin

Vault maps used:
D:1:      saegor_arrival_miasma, evilmike_ruin_ashenzari
D:2:      first_bread, uniq_iyjb
D:3:      uniq_robin

Skill      XL: |  1  2  3 |
---------------+----------+-----
Spellcasting   | 3 4 |  4.4
Hexes          | 4 |  4.8
Short Blades   | |  1.1
Dodging        | |  3.0
Stealth        | |  4.4

Action                   |  1- 3 |  4- 6 || total
-------------------------+-------+-------++-------
Melee: Dagger            |   121 |    32 ||   153
 Cast: Corona            |    16 |       ||    16
       Ensorcelled Hiber |    20 |    10 ||    30
 Stab: Sleeping          |    13 |     4 ||    17
  Eat: Fruit             |       |     1 ||     1
Armor: Robe              |     7 |     1 ||     8
Dodge: Dodged            |   130 |    31 ||   161
